 Dungeon Crawl Stone Soup version 0.25-a0-707-g603da076d2 (webtiles) character file.

Game seed: 1765804121294165107, levelgen mode: deterministic

23 sanka the Scratcher (level 2, 0/14 HPs)
             Began as a Felid Wanderer on Apr 4, 2020.
             Slain by an adder (4 damage)
             ... on level 2 of the Dungeon.
             The game lasted 00:03:07 (1661 turns).

sanka the Scratcher (Felid Wanderer)                Turns: 1661, Time: 00:03:08

Health: 0/14       AC:  1    Str:  6    XL:     2   Next: 75%
Magic:  3/3        EV: 16    Int: 14    God:
Gold:   84         SH:  0    Dex: 16    Spells: 1/1 levels left
                                        Lives:  0   Deaths: 0

rFire    . . .     SeeInvis +     - Unarmed
rCold    . . .     Gourm    .   (shield unavailable)
rNeg     . . .     Faith    .   (armour unavailable)
rPois    .         Spirit   .   (helmet unavailable)
rElec    .         Reflect  .   (cloak unavailable)
rCorr    .         Harm     .   (gloves unavailable)
MR       .....                  (boots unavailable)
Stlth    +++.......             e - amulet of rage
HPRegen  0.04/turn              h - ring of wizardry
MPRegen  0.08/turn              (no ring)

@: lethally poisoned (0 -> -8), quick
A: very small, no armour, no weapons or thrown items, stealth, claws 1, fangs 3,
see invisible, carnivore, speed 1, shaggy fur 1, slow metabolism 1, sharp paws
a: Evoke Berserk Rage


You were on level 2 of the Dungeon.
You were very full.

You visited 1 branch of the dungeon, and saw 2 of its levels.

You collected 84 gold pieces.


Innate Abilities, Weirdness & Mutations

You cannot wear armour.
You are incapable of wielding weapons or throwing items.
Your paws allow you to move quietly. (Stealth)
You have sharp claws.
You have razor-sharp teeth.
You have supernaturally acute eyesight. (SInv)
You are carnivorous and can eat meat at any time.
You cover ground quickly.
You are covered in fur. (AC +1)
You have a slow metabolism.
Your sharp claws are effective at attacking unaware monsters.


   Skills:
 - Level 3.0 Fighting
 - Level 1.3 Dodging
 - Level 4.0 Stealth
 + Level 4.1 Unarmed Combat


You had one spell level left.
You didn't know any spells.
Your spell library was empty.

Inventory:

Jewellery
 e - an amulet of rage (around neck)
 h - a ring of wizardry (left paw)
Scrolls
 a - a scroll of blinking
 f - 2 scrolls of identify {unknown}
 g - a scroll of remove curse {unknown}
 j - a scroll of enchant armour {unknown}
Potions
 b - 3 potions of curing {@q1}
 c - 2 potions of lignification {!q}
Comestibles
 d - 2 rations

Dungeon Overview and Level Annotations

Branches:
Dungeon (2/15)

Altars:

........... ..▒▒....l..
▒▒▒▒▒▒..▒▒▒▒▒....
▒▒▒▒▒▒▒▒▒▒▒▒▒....S.%▒▒▒ ▒....
▒.l.l........................
▒.▒▒▒▒▒▒▒▒▒▒▒.▒▒▒▒..▒▒▒▒▒▒▒▒.
▒▒▒▒▒.▒ ▒.▒ ..... . ..K.l.▒
▒▒▒▒▒.▒ ▒▒▒▒ ▒▒▒▒▒▒▒ ▒.(.hS▒
.▒▒▒▒▒▒▒▒▒ ▒.▒▒▒▒▒ ..lK.....▒
▒(▒ ..▒▒▒▒▒▒.▒ ▒<▒ ▒..▒ ▒.▒
▒▒)▒▒ ▒..... ▒.▒▒▒...▒▒▒▒▒▒
▒..▒..▒▒..............
..▒_▒.▒▒.▒▒▒...▒▒▒▒▒▒▒
...▒...▒.▒ ▒▒.▒▒


You could see an adder.


Message History

a kobold skeleton The adder hisses angrily.
The adder closely misses you.
You miss the adder. The adder completely misses you. The adder bites you.
You are poisoned.
The adder poisons you!
You scratch the adder.
The adder is lightly wounded.
You feel sick. The adder closely misses you.
Unknown command.
You scratch the adder. Your bite misses the adder.
The adder is heavily wounded.
The adder bites you.
* * * LOW HITPOINT WARNING * * *
Unknown command.
You scratch the adder.
The adder is heavily wounded.
* * * LOW HITPOINT WARNING * * *
You feel sick. The adder misses you.
Unknown command.
Unknown command.
You barely miss the adder.
The adder is heavily wounded.
The adder bites you.
You die...

Action                   || total
-------------------------++-------
Melee: Unarmed           ||    56
       Bite              ||     3
 Stab: Distracted        ||     1
       Sleeping          ||     1
  Eat: Chunk             ||     8
Armor: Skin              ||     4
Dodge: Dodged            ||    33

Levels and vault maps discovered:
D:1:      tarquinn_simple_flora_water_d, layout_loops_corners
D:2:      layout_loops_ring, chequers_ecumenical_altar_simple,
          guppyfry_early_lair_pool

Notes
Turn   | Place    | Note
-------+----------+-------------------------------------------
     0 | D:1      | sanka the Felid Wanderer began the quest for the Orb.
     0 | D:1      | sanka set off with the following items: a scroll of
                  | blinking, a potion of curing {@q1}, a potion of
                  | lignification {!q}, a ration
     0 | D:1      | Reached XP level 1. HP: 10/10 MP: 2/2
   267 | D:1      | Reached XP level 2. HP: 13/14 MP: 3/3
   927 | D:1      | Reached skill level 4 in Unarmed Combat
  1055 | D:2      | Found a faded altar of an unknown god.
  1661 | D:2      | Slain by an adder

Vanquished Creatures
  A dart slug (D:1)
  2 leopard geckos (D:1)
  2 giant cockroaches (D:1)
  A hobgoblin (D:1)
  A quokka (D:2)
  3 bats (D:1)
  A frilled lizard (D:1)
  3 goblins
  4 kobolds
  A rat (D:1)
19 creatures vanquished.
